cohdb
Replays
Latest Replays
All Replays
Popular Replays
Top Player Replays
Match Explorer
How It Works
Community
CoH3 Stats
Reddit
Sign in to upload your games and track your stats! →
Sign in with Steam
Match 42766321
Unlisted
Match 42766321
Overview
Messages
Build Orders
End
250 Light Carrier
Selects Armored Support Battlegroup
Panzerpioneer Squad
250 Light Carrier
Construct Light Support Kompanie
Combat Half-tracks
Selects Superior Fire Drills
Fire Support Elements
Vehicle Survival Package
Panzerjäger Mechanized Group
Construct Mechanized Kompanie
Advanced Field Repairs
Tungsten Core Ammunition
Emergency Repair Kits
Rapid Advance
Construct Panzerarmee Kommand
Selects Flammpanzer III Medium Tank
Advanced Optics
Panzerjäger Mechanized Group
Panzer III L Medium Tank
Panzer III L Medium Tank
Selects Salvage Kits
Honey
khj
Zebra
스팀계정족같네
Hansisko
Sajmix
zlxkss
StiX
0
0
Comments
sign in to comment!
No comments posted yet!